Map: 16-Bit LE

Players

tglanz - Winner!

  • Race: Terran Terran
  • Spawn Location: 7:00

adrian

  • Race: Terran Terran
  • League: Gold
  • Spawn Location: 1:00

VOD

Have the link to the VOD?

Description

Time

  • Played on: June 17, 2018, 12:40 p.m.
  • Length: 17:07
Show
View Real Time Build Order
Export as new Build Order

tglanz Terran - Winner!

Build Orders:  

Get SALT Encoding   

  12  0:01  SCV  
  13  0:13  SCV  
  14  0:20  Supply Depot  
  14  0:25  SCV  
  15  0:34  Refinery  
  15  0:41  SCV  
  16  0:46  Barracks  
  16  0:53  SCV  
  17  1:05  SCV  
  18  1:17  SCV  
  19  1:29  SCV  
  20  1:40  Reaper  
  20  1:44  Orbital Command  
  21  1:57  Factory  
  21  2:19  SCV, Command Center  
  22  2:28  Barracks Tech Lab  
  22  2:33  SCV  
  23  2:41  Supply Depot  
  23  2:45  Supply Depot  
  23  2:49  Barracks  
  23  3:02  SCV, Stimpack  
  24  3:10  Refinery  
  24  3:15  SCV  
  24  3:18  Starport  
  25  3:33  SCV  
  25  3:43  Orbital Command  
  25  3:47  SCV  
  26  3:50  Barracks Tech Lab  
  26  3:53  Marauder  
  26  3:54  Factory Tech Lab  
  28  4:00  Starport Reactor  
  28  4:07  SCV  
  29  4:10  SCV  
  29  4:14  Command Center  
  29  4:15  Marauder  
  32  4:22  Marauder  
  34  4:26  SCV x2  
  34  4:27  Concussive Shells  
  36  4:38  SCV x2  
  38  4:46  Siege Tank  
  38  4:51  SCV x2  
  43  4:54  Refinery  
  43  4:57  Liberator, Refinery  
  43  5:04  Supply Depot  
  43  5:06  SCV x2  
  45  5:08  Barracks  
  45  5:13  Engineering Bay  
  45  5:14  Engineering Bay  
  45  5:18  SCV x2  
  50  5:30  SCV x2  
  52  5:39  Marauder  
  52  5:40  Marauder  
  55  5:43  Siege Tank  
  56  6:10  Viking  
  55  6:41  SCV  
  55  6:42  SCV  
  55  6:43  Orbital Command  
  57  6:54  SCV x2  
  59  7:00  Missile Turret  
  59  7:10  Missile Turret  
  59  7:16  SCV x3  
  59  7:21  Terran Infantry Weapons Level 1, Barracks Reactor, Terran Infantry Armor Level 1  
  62  7:25  Marauder x2, Siege Tank  
  62  7:27  Medivac  
  62  7:28  Medivac  
  73  7:33  Missile Turret  
  73  7:42  Supply Depot  
  73  7:43  Supply Depot  
  73  7:54  Marauder x2  
  77  8:05  SCV x2  
  79  8:06  SCV  
  79  8:10  Liberator x2, Refinery  
  80  8:13  Refinery  
  80  8:25  Marauder x2  
  80  8:26  Siege Tank  
  93  8:54  Marauder  
  93  9:00  Marauder, SCV x2  
  93  9:01  SCV  
  90  9:04  Supply Depot  
  90  9:09  Siege Tank  
  93  9:12  SCV x2  
  93  9:13  SCV  
  93  9:16  Marauder  
  98  9:22  Marauder  
  90  9:24  SCV x2  
  90  9:25  SCV  
  86  9:42  Marine  
  86  9:43  Marine  
  86  9:44  Marauder x2  
  92  9:46  Siege Tank  
  92  9:49  Medivac x2  
  99  9:57  Supply Depot  
  99  10:01  Factory  
  99  10:04  Marine x2  
  99  10:06  Barracks  
  101  10:08  Barracks  
  99  10:24  Marine x2  
  99  10:25  Marauder x2  
  99  10:26  Siege Tank  
  99  10:28  Medivac x2  
  112  11:09  Marine  
  112  11:10  Marine x3  
  116  11:32  Marine x4  
  110  11:56  SCV x3  
  94  12:03  Marine x4  
  94  12:08  SCV x2  
  95  12:12  Widow Mine  
  93  12:25  Marine x2  
  93  12:26  Marine x2  
  81  12:51  Marine x4  
  80  12:54  SCV x2  
  75  13:08  Marine  
  75  13:09  Marine x3  
  75  13:14  Orbital Command  
  70  13:26  Marine  
  69  13:44  SCV x3  
  69  13:45  Marine x3  
  69  13:46  Marine  
  74  13:49  Marine x2  
  68  13:56  SCV x3  
  67  14:14  SCV x3  
  67  14:16  Siege Tank  
  71  14:17  Medivac x2  
  71  14:18  Marine x3  
  71  14:19  Marine x2  
  69  14:50  SCV x3  
  69  14:51  Marine x4  
  66  14:54  Marauder  
  66  14:58  Viking x2  
  73  15:05  SCV  
  73  15:06  SCV x2  
  76  15:14  Armory  
  77  15:15  Armory  
  77  15:21  Barracks Reactor x2  
  74  15:24  Factory Tech Lab  
  74  15:43  SCV x3  
  77  15:50  Viking x2  
  80  16:09  Marine x3  
  80  16:10  Marine x2  
  80  16:11  Marine  
  86  16:12  Siege Tank x2  
  80  16:20  Viking x2  
Show
View Real Time Build Order
Export as new Build Order

adrian Terran 

Build Orders: Cyclone Opening 

Get SALT Encoding   

  12  0:02  SCV  
  13  0:14  Supply Depot  
  13  0:19  SCV  
  14  0:31  SCV  
  14  0:32  Refinery  
  15  0:45  Barracks  
  15  0:51  SCV  
  16  1:03  SCV  
  17  1:34  Factory  
  17  1:39  SCV  
  18  1:43  Marine  
  19  1:58  Command Center  
  19  2:03  SCV  
  20  2:12  Supply Depot  
  20  2:21  Barracks Reactor  
  20  2:23  SCV  
  21  2:33  Supply Depot  
  21  2:35  SCV  
  22  2:47  SCV  
  22  2:48  Cyclone  
  25  3:03  SCV  
  25  3:04  Marine  
  27  3:13  Refinery  
  27  3:15  SCV  
  27  3:19  Starport  
  28  3:23  SCV  
  29  3:27  SCV  
  30  3:43  Cyclone  
  30  3:47  Marine x2  
  35  3:49  Orbital Command  
  35  3:52  SCV  
  36  3:58  Engineering Bay  
  36  4:07  Medivac  
  36  4:08  Marine x2  
  40  4:16  SCV  
  41  4:28  Terran Infantry Weapons Level 1, SCV  
  42  4:34  Barracks  
  42  4:43  Liberator  
  42  4:44  Marine  
  42  4:45  Marine  
  44  4:46  Factory Tech Lab  
  44  4:51  Missile Turret  
  44  4:57  SCV, Missile Turret  
  45  5:02  Marine  
  49  5:07  SCV  
  49  5:09  Marine, SCV  
  52  5:19  SCV  
  53  5:21  SCV  
  53  5:23  Supply Depot  
  54  5:31  Barracks Tech Lab  
  54  5:45  Marine x2, SCV, Siege Tank  
  54  5:48  Supply Depot  
  60  5:52  Marine  
  61  6:02  Marine  
  62  6:05  Marine  
  62  6:10  Marine  
  61  6:20  Marine  
  61  6:23  Marine  
  63  6:28  Marine  
  64  6:38  Marine  
  62  6:41  Marine  
  62  6:46  Marine  
  64  6:50  Siege Tank  
  64  6:53  Stimpack  
  67  6:56  Starport Reactor, Marine  
  67  6:59  Terran Infantry Armor Level 1, Marine  
  69  7:07  Marauder  
  68  7:14  Marine  
  69  7:16  Marine  
  70  7:24  Missile Turret  
  70  7:29  Orbital Command  
  70  7:36  Marine x2  
  74  7:37  Marauder  
  74  7:47  SCV  
  74  7:50  Armory  
  75  7:54  Refinery  
  75  7:58  Barracks, Marauder  
  77  7:59  SCV  
  77  8:03  Viking x2  
  82  8:06  Marine x2  
  82  8:11  SCV  
  85  8:16  Engineering Bay  
  87  8:20  Marauder  
  87  8:23  SCV  
  87  8:24  Marine x2, Command Center  
  90  8:32  Medivac  
  92  8:35  SCV  
  92  8:39  Starport  
  92  8:41  Marauder, Marine  
  92  8:42  Marine  
  92  8:44  Missile Turret  
  92  8:48  Barracks  
  80  8:59  Marine  
  75  9:08  Marine  
  64  9:35  Barracks Reactor  
  64  9:37  Barracks Reactor  
  64  9:41  Marine, Barracks Reactor  
  65  9:53  Missile Turret  
  65  9:59  Marine  
  64  10:14  Marine  
  64  10:15  Marine x3, Missile Turret  
  64  10:17  Marine  
  64  10:19  Medivac x2  
  73  10:26  Terran Infantry Weapons Level 2  
  73  10:29  Starport Reactor  
  73  10:32  Marine x2  
  73  10:33  Marine x2  
  73  10:35  Marine  
  78  10:43  Supply Depot  
  78  10:49  Medivac  
  80  10:50  Marine x3  
  80  10:51  Marine  
  80  10:53  Marine  
  85  11:01  Marine x2  
  87  11:06  Supply Depot  
  87  11:08  Marine x4  
  87  11:09  SCV  
  94  11:11  Marauder  
  94  11:19  Marine  
  96  11:32  Marauder  
  92  11:54  Marauder  
  89  12:18  Marauder, Marine x6  
  96  12:36  Marine x6  
  86  12:40  Marauder  
  52  13:14  Marine x2  
  51  13:24  Liberator  
  51  13:25  Liberator x2  
  50  13:57  Orbital Command  
  34  14:38  Liberator x3  
  43  15:05  Barracks  
  43  15:28  Command Center  
  43  15:53  Barracks  
  43  15:59  Barracks Reactor  
  37  16:46  Marine x3  
Tags
 
League
Gold
Matchup
TvT
Race
Terran
Spawn Locations
Cross Positions
Add a new tag
Caveats
  • Supply blocks, unpowered buildings, or Contaminate may cause inaccurate times.
  • Supply counts are checked every 10 seconds.